MLB
SAN DIEGO PADRES @ CINCINNATI REDS
08/03/2049
 
TOP OF THE 1ST
San Diego Padres batting - Pitching for Cincinnati Reds : RHP Ryan Sobocinski
Pitching: RHP Ryan Sobocinski
Batting: RHB Hildo Pot 0-0: Called Strike
0-1: Swinging Strike
0-2: Ball
1-2: Ball
2-2: Ball
3-2: Strikes out swinging
Batting: SHB Phil Zacharia 0-0: Ball
1-0: DOUBLE (Line Drive, 7LS, EV 109.4 MPH)
Batting: RHB C.J. Beavers 0-0: Called Strike
0-1: SINGLE (Groundball, 56D, EV 98.1 MPH) (infield hit)
Phil Zacharia to third
Batting: LHB James McCauley 0-0: Fielders Choice at 2nd, 4-6 (Groundball, 4, EV 91.2 MPH)
Phil Zacharia scores
Batting: SHB Terry Tuckfard 0-0: Foul Ball, location: 2F
0-1: Ball
1-1: Ball
2-1: Ball
3-1: Foul Ball, location: 2F
3-2: Foul Ball, location: 2F
3-2: Reached on error, E4 (Groundball, 34S, EV 86.9 MPH)
James McCauley to second
Batting: RHB Hugo Bautista 0-0: Ball
1-0: Ball
2-0: Ball
3-0: Called Strike
3-1: Swinging Strike
3-2: SINGLE (Groundball, 5S, EV 65.6 MPH) (infield hit)
James McCauley to third
Terry Tuckfard to second
Batting: LHB Kevin Bellman 0-0: Ball
1-0: Called Strike
1-1: Fly out, F7 (Flyball, 7, EV 87.5 MPH)
Top of the 1st over - 1 run, 3 hits, 1 error, 3 left on base; San Diego 1 - Cincinnati 0
BOTTOM OF THE 1ST
Cincinnati Reds batting - Pitching for San Diego Padres : LHP Matt Wheeler
Pitching: LHP Matt Wheeler
Batting: RHB Willie Lazcano 0-0: Ball
1-0: Ball
2-0: Ball
3-0: Called Strike
3-1: Called Strike
3-2: Foul Ball, location: 2F
3-2: Foul Ball, location: 2F
3-2: Ground out 3-1 (Groundball, 34S, EV 81.9 MPH)
Batting: RHB Mike Alm 0-0: Ball
1-0: Ball
2-0: Called Strike
2-1: Fly out, F9 (Flyball, 9S, EV 85.6 MPH)
Batting: RHB Tony Casas 0-0: Ground out 5-3 (Groundball, 56, EV 81.2 MPH)
Bottom of the 1st over - 0 runs, 0 hits, 0 errors, 0 left on base; San Diego 1 - Cincinnati 0
TOP OF THE 2ND
San Diego Padres batting - Pitching for Cincinnati Reds : RHP Ryan Sobocinski
Batting: RHB Luis Torres 0-0: Called Strike
0-1: Ball
1-1: Ball
2-1: Foul Ball, location: 2F
2-2: Ball
3-2: Foul Ball, location: 2F
3-2: Foul Ball, location: 2F
3-2: Foul Ball, location: 2F
3-2: Foul Ball, location: 2F
3-2: Base on Balls
Batting: LHB Mike Holt 0-0: Swinging Strike
0-1: Ball
1-1: Sac Bunt to 15S - play at first, batter OUT! 1-3
Luis Torres to second
Batting: RHB Hildo Pot 0-0: Ball
1-0: Foul Ball, location: 2F
1-1: Ball
2-1: TRIPLE (Flyball, 89XD, EV 104.4 MPH)
Luis Torres scores
Batting: SHB Phil Zacharia 0-0: Ball
1-0: Ball
2-0: Ball
3-0: Base on Balls
Batting: RHB C.J. Beavers 0-0: Ball
1-0: Ball
2-0: Called Strike
2-1: Foul Ball, location: 2F
2-2: Fly out, F9 (Line Drive, 9, EV 91.9 MPH)
Runner from 3rd tags up, SCORES, throw by RF
Batting: LHB James McCauley 0-0: Fly out, F8 (Flyball, 8LD, EV 103.8 MPH)
Top of the 2nd over - 2 runs, 1 hit, 0 errors, 1 left on base; San Diego 3 - Cincinnati 0
BOTTOM OF THE 2ND
Cincinnati Reds batting - Pitching for San Diego Padres : LHP Matt Wheeler
Batting: LHB Chris Grunwald 0-0: Ground out 5-3 (Groundball, 56, EV 105.6 MPH)
Batting: LHB Evan Torraville 0-0: Ball
1-0: Swinging Strike
1-1: Ball
2-1: Swinging Strike
2-2: Ground out 6-3 (Groundball, 6MS, EV 87.5 MPH)
Batting: RHB Juan Reyes 0-0: Called Strike
0-1: Ball
1-1: Called Strike
1-2: SINGLE (Flyball, 89S, EV 86.9 MPH)
Batting: RHB Fred Slade 0-0: Called Strike
0-1: Swinging Strike
0-2: Ball
1-2: Ball
2-2: 2-RUN HOME RUN (Line Drive, 78XD, EV 103.8 MPH), Distance : 404 ft
Batting: SHB Saulo Maina 0-0: Ball
1-0: Called Strike
1-1: Called Strike
1-2: SINGLE (Groundball, 56D, EV 105.6 MPH)
Batting: LHB Jamie Spangenberg 0-0: Foul Ball, location: 2F
0-1: Ball
1-1: Fielders Choice at 2nd, 6-4 (Groundball, 6, EV 88.1 MPH)
Bottom of the 2nd over - 2 runs, 3 hits, 0 errors, 1 left on base; San Diego 3 - Cincinnati 2
TOP OF THE 3RD
San Diego Padres batting - Pitching for Cincinnati Reds : RHP Ryan Sobocinski
Batting: SHB Terry Tuckfard 0-0: Ball
1-0: Ground out 2-3 (Groundball, 2L, EV 74.4 MPH)
Batting: RHB Hugo Bautista 0-0: Ground out 5-3 (Groundball, 56, EV 83.1 MPH)
Batting: LHB Kevin Bellman 0-0: Ball
1-0: Called Strike
1-1: Swinging Strike
1-2: Foul Ball, location: 2F
1-2: Ball
2-2: Foul Ball, location: 2F
2-2: Strikes out looking
Top of the 3rd over - 0 runs, 0 hits, 0 errors, 0 left on base; San Diego 3 - Cincinnati 2
BOTTOM OF THE 3RD
Cincinnati Reds batting - Pitching for San Diego Padres : LHP Matt Wheeler
Batting: RHB Willie Lazcano 0-0: Called Strike
0-1: Ball
1-1: Ball
2-1: Ground out 5-3 (Groundball, 5S, EV 82.5 MPH)
Batting: RHB Mike Alm 0-0: Foul Ball, location: 2F
0-1: Ground out 6-3 (Groundball, 6S, EV 90.6 MPH)
Batting: RHB Tony Casas 0-0: Ball
1-0: Ball
2-0: Called Strike
2-1: Ball
3-1: Foul Ball, location: 2F
3-2: Foul Ball, location: 2F
3-2: DOUBLE (Line Drive, 3D, EV 103.1 MPH)
Batting: LHB Chris Grunwald 0-0: Foul Ball, location: 2F
0-1: Swinging Strike
0-2: Ball
1-2: Ball
2-2: Foul Ball, location: 2F
2-2: Fly out, F2 (Popup, 2LF, EV 79.4 MPH)
Bottom of the 3rd over - 0 runs, 1 hit, 0 errors, 1 left on base; San Diego 3 - Cincinnati 2
TOP OF THE 4TH
San Diego Padres batting - Pitching for Cincinnati Reds : RHP Ryan Sobocinski
Batting: RHB Luis Torres 0-0: Foul Ball, location: 2F
0-1: Foul Ball, location: 2F
0-2: Ground out 6-3 (Groundball, 6S, EV 91.2 MPH)
Batting: LHB Mike Holt 0-0: SINGLE (Flyball, 4D, EV 83.1 MPH)
Batting: RHB Hildo Pot 0-0: Ball
1-0: Foul Ball, location: 2F
1-1: SINGLE (Line Drive, 6D, EV 105.0 MPH)
Mike Holt to second
Batting: SHB Phil Zacharia 0-0: Ball
1-0: Foul Ball, location: 2F
1-1: Ball
2-1: Ball
3-1: Fly out, F8 (Flyball, 8RD, EV 104.4 MPH)
Batting: RHB C.J. Beavers 0-0: Ball
1-0: Ball
2-0: Called Strike
2-1: Foul Ball, location: 2F
2-2: Ball
3-2: Base on Balls
Mike Holt to third
Hildo Pot to second
Batting: LHB James McCauley 0-0: Ground out 2-3 (Groundball, 2L, EV 71.9 MPH)
Top of the 4th over - 0 runs, 2 hits, 0 errors, 3 left on base; San Diego 3 - Cincinnati 2
BOTTOM OF THE 4TH
Cincinnati Reds batting - Pitching for San Diego Padres : LHP Matt Wheeler
Batting: LHB Evan Torraville 0-0: Called Strike
0-1: Swinging Strike
0-2: Strikes out swinging
Batting: RHB Juan Reyes 0-0: Ball
1-0: Foul Ball, location: 2F
1-1: Fly out, F9 (Flyball, 9D, EV 82.5 MPH)
Batting: RHB Fred Slade 0-0: DOUBLE (Flyball, 89D, EV 103.8 MPH)
Batting: SHB Saulo Maina 0-0: Ball
1-0: Ball
2-0: Fly out, F8 (Flyball, 78D, EV 93.8 MPH)
Bottom of the 4th over - 0 runs, 1 hit, 0 errors, 1 left on base; San Diego 3 - Cincinnati 2
TOP OF THE 5TH
San Diego Padres batting - Pitching for Cincinnati Reds : RHP Ryan Sobocinski
Batting: SHB Terry Tuckfard 0-0: Ball
1-0: Ball
2-0: SOLO HOME RUN (Flyball, 89XD, EV 102.5 MPH), Distance : 411 ft
Batting: RHB Hugo Bautista 0-0: Ball
1-0: Foul Ball, location: 2F
1-1: DOUBLE (Line Drive, 78D, EV 112.5 MPH)
Batting: LHB Kevin Bellman 0-0: Intentional Walk
Batting: RHB Luis Torres 0-0: Called Strike
0-1: Foul Ball, location: 2F
0-2: Grounds into double play, 6-4-3 (Groundball, 6, EV 104.4 MPH)
Hugo Bautista to third
Batting: LHB Mike Holt 0-0: Intentional Walk
Batting: RHB Hildo Pot 0-0: Called Strike
0-1: Swinging Strike
0-2: Strikes out swinging
Top of the 5th over - 1 run, 2 hits, 0 errors, 2 left on base; San Diego 4 - Cincinnati 2
BOTTOM OF THE 5TH
Cincinnati Reds batting - Pitching for San Diego Padres : LHP Matt Wheeler
Batting: LHB Jamie Spangenberg 0-0: Swinging Strike
0-1: Swinging Strike
0-2: Strikes out swinging
Batting: RHB Willie Lazcano 0-0: Foul Ball, location: 2F
0-1: Foul Ball, location: 2F
0-2: Fly out, F9 (Flyball, 9D, EV 93.8 MPH)
Batting: RHB Mike Alm 0-0: Ball
1-0: Ball
2-0: Ball
3-0: Called Strike
3-1: SOLO HOME RUN (Flyball, 7D, EV 105.0 MPH), Distance : 403 ft
Batting: RHB Tony Casas 0-0: Ball
1-0: Fly out, F9 (Line Drive, 89M, EV 88.8 MPH)
Bottom of the 5th over - 1 run, 1 hit, 0 errors, 0 left on base; San Diego 4 - Cincinnati 3
TOP OF THE 6TH
San Diego Padres batting - Pitching for Cincinnati Reds : RHP Ryan Sobocinski
Batting: SHB Phil Zacharia 0-0: Foul Ball, location: 2F
0-1: Foul Ball, location: 2F
0-2: Ball
1-2: Ball
2-2: Foul Ball, location: 2F
2-2: Strikes out swinging
Batting: RHB C.J. Beavers 0-0: Ball
1-0: Called Strike
1-1: Ground out 6-3 (Groundball, 6, EV 110.0 MPH)
Batting: LHB James McCauley 0-0: Swinging Strike
0-1: Foul Ball, location: 2F
0-2: Ground out 4-3 (Groundball, 4, EV 82.5 MPH)
Top of the 6th over - 0 runs, 0 hits, 0 errors, 0 left on base; San Diego 4 - Cincinnati 3
BOTTOM OF THE 6TH
Cincinnati Reds batting - Pitching for San Diego Padres : LHP Matt Wheeler
Batting: LHB Chris Grunwald 0-0: Ball
1-0: Swinging Strike
1-1: Ball
2-1: Fly out, F6 (Popup, 6MD, EV 47.5 MPH)
Batting: LHB Evan Torraville 0-0: Foul Ball, location: 2F
0-1: Ball
1-1: Foul Ball, location: 2F
1-2: TRIPLE (Flyball, 8RXD, EV 105.0 MPH)
Batting: RHB Juan Reyes 0-0: Ball
1-0: Called Strike
1-1: Foul Ball, location: 2F
1-2: Strikes out swinging
Batting: RHB Fred Slade 0-0: Called Strike
0-1: Ball
1-1: Fly out, F8 (Flyball, 8LD, EV 86.9 MPH)
Bottom of the 6th over - 0 runs, 1 hit, 0 errors, 1 left on base; San Diego 4 - Cincinnati 3
TOP OF THE 7TH
San Diego Padres batting - Pitching for Cincinnati Reds : RHP Ryan Sobocinski
Batting: SHB Terry Tuckfard 0-0: Called Strike
0-1: Ball
1-1: Swinging Strike
1-2: Ball
2-2: Foul Ball, location: 2F
2-2: Ball
3-2: Strikes out swinging
Batting: RHB Hugo Bautista 0-0: Ball
1-0: SINGLE (Groundball, 5S, EV 70.0 MPH) (infield hit)
Batting: LHB Kevin Bellman 0-0: Foul Ball, location: 2F
0-1: Foul Ball, location: 2F
0-2: Ball
1-2: Foul Ball, location: 2F
1-2: Foul Ball, location: 2F
1-2: Foul Ball, location: 2F
1-2: Foul Ball, location: 2F
1-2: Ball
2-2: Fly out, F7 (Flyball, 78D, EV 97.5 MPH)
Pitching: LHP Brad Jonas
Batting: RHB Luis Torres 0-0: Called Strike
Hugo Bautista is caught stealing 2nd base 2-4
Top of the 7th over - 0 runs, 1 hit, 0 errors, 0 left on base; San Diego 4 - Cincinnati 3
BOTTOM OF THE 7TH
Cincinnati Reds batting - Pitching for San Diego Padres : LHP Matt Wheeler
Batting: SHB Saulo Maina 0-0: Ball
1-0: SINGLE (Groundball, 56D, EV 106.2 MPH)
Pinch Hitting: SHB Jun Tsuda 0-0: Ball
1-0: Foul Ball, location: 2F
1-1: Fly out, F9 (Flyball, 9D, EV 106.9 MPH)
Pitching: LHP Jim Turan
Batting: RHB Willie Lazcano 0-0: Called Strike
0-1: Foul Ball, location: 2F
0-2: Ball
1-2: Ball
2-2: Ball
3-2: Foul Ball, location: 2F
3-2: Base on Balls
Saulo Maina to second
Batting: RHB Mike Alm 0-0: Called Strike
0-1: Ball
Saulo Maina steals 3rd base
Willie Lazcano to second
1-1: Foul Ball, location: 2F
1-2: Foul Ball, location: 2F
1-2: Foul Ball, location: 2F
1-2: Strikes out swinging
Batting: RHB Tony Casas 0-0: Ball
1-0: Called Strike
1-1: Swinging Strike
1-2: Foul Ball, location: 2F
1-2: Strikes out swinging
Bottom of the 7th over - 0 runs, 1 hit, 0 errors, 2 left on base; San Diego 4 - Cincinnati 3
TOP OF THE 8TH
San Diego Padres batting - Pitching for Cincinnati Reds : LHP Brad Jonas
Now in RF: Joseph Kirchmann
Batting: RHB Luis Torres 0-0: Ball
1-0: Foul Ball, location: 2F
1-1: SINGLE (Groundball, 6, EV 95.0 MPH)
Batting: LHB Mike Holt 0-0: Ball
1-0: Bunted foul
1-1: Ball
2-1: Sac Bunt to 23 - play at first, batter OUT! 3-4
Luis Torres to second
Batting: RHB Hildo Pot 0-0: Ground out 5-3 (Groundball, 56, EV 89.4 MPH)
Batting: SHB Phil Zacharia 0-0: Foul Ball, location: 2F
0-1: Ball
1-1: Ball
2-1: Foul Ball, location: 2F
2-2: Ball
3-2: Foul Ball, location: 2F
3-2: Foul Ball, location: 2F
3-2: Base on Balls
Batting: RHB C.J. Beavers 0-0: Foul Ball, location: 2F
0-1: Ball
1-1: Swinging Strike
1-2: Ball
2-2: Strikes out swinging
Top of the 8th over - 0 runs, 1 hit, 0 errors, 2 left on base; San Diego 4 - Cincinnati 3
BOTTOM OF THE 8TH
Cincinnati Reds batting - Pitching for San Diego Padres : LHP Jim Turan
Pitching: RHP Brad Kramer
Batting: LHB Chris Grunwald 0-0: Ball
1-0: Ball
2-0: Called Strike
2-1: Ball
3-1: Ground out 4-3 (Groundball, 34, EV 97.5 MPH)
Batting: LHB Evan Torraville 0-0: Foul Ball, location: 2F
0-1: Called Strike
0-2: SOLO HOME RUN (Flyball, 9D, EV 99.4 MPH), Distance : 382 ft
Batting: RHB Juan Reyes 0-0: SOLO HOME RUN (Flyball, 7LD, EV 93.8 MPH), Distance : 357 ft
Batting: RHB Fred Slade 0-0: Foul Ball, location: 2F
0-1: Ball
1-1: Ball
2-1: Foul Ball, location: 2F
2-2: Strikes out looking
Batting: SHB Saulo Maina 0-0: Called Strike
0-1: Foul Ball, location: 2F
0-2: Ball
1-2: Foul Ball, location: 2F
1-2: Ground out 6-3 (Groundball, 4M, EV 89.4 MPH)
Bottom of the 8th over - 2 runs, 2 hits, 0 errors, 0 left on base; San Diego 4 - Cincinnati 5
TOP OF THE 9TH
San Diego Padres batting - Pitching for Cincinnati Reds : LHP Brad Jonas
Pitching: LHP Eddie Grape
Batting: LHB James McCauley 0-0: Ball
1-0: Ball
2-0: Ground out U3 (Groundball, 3, EV 82.5 MPH)
Batting: SHB Terry Tuckfard 0-0: Swinging Strike
0-1: Ball
1-1: Called Strike
1-2: Ball
2-2: Ball
3-2: Strikes out swinging
Batting: RHB Hugo Bautista 0-0: Ball
1-0: Called Strike
1-1: SINGLE (Groundball, 34D, EV 106.2 MPH)
Batting: LHB Kevin Bellman 0-0: Called Strike
0-1: Ball
1-1: Ball
2-1: SINGLE (Groundball, 4MS, EV 56.9 MPH) (infield hit)
Hugo Bautista to second
Batting: RHB Luis Torres 0-0: Foul Ball, location: 2F
0-1: Hit by Pitch
Hugo Bautista to third
Kevin Bellman to second
Pinch Hitting: RHB Billy Crookston 0-0: Ball
1-0: Ball
2-0: Foul Ball, location: 2F
2-1: Ball
3-1: Called Strike
3-2: Base on Balls
Hugo Bautista scores
Kevin Bellman to third
Luis Torres to second
Batting: RHB Hildo Pot 0-0: Called Strike
0-1: Swinging Strike
0-2: Ball
1-2: Strikes out looking
Top of the 9th over - 1 run, 2 hits, 0 errors, 3 left on base; San Diego 5 - Cincinnati 5
BOTTOM OF THE 9TH
Cincinnati Reds batting - Pitching for San Diego Padres : RHP Brad Kramer
Pitching: RHP Arturo Diaz
Now in CF: Kaeo Zirpoli
Batting: RHB Joseph Kirchmann 0-0: Swinging Strike
0-1: Ball
1-1: Called Strike
1-2: Foul Ball, location: 2F
1-2: Foul Ball, location: 2F
1-2: Strikes out swinging
Batting: RHB Willie Lazcano 0-0: Ball
1-0: Swinging Strike
1-1: Ground out 4-3 (Groundball, 34, EV 84.4 MPH)
Batting: RHB Mike Alm 0-0: Ball
1-0: Ground out U3 (Groundball, 34S, EV 82.5 MPH)
Bottom of the 9th over - 0 runs, 0 hits, 0 errors, 0 left on base; San Diego 5 - Cincinnati 5
TOP OF THE 10TH
San Diego Padres batting - Pitching for Cincinnati Reds : LHP Eddie Grape
Pitching: RHP Justin Ambrose
Batting: SHB Phil Zacharia 0-0: Ball
1-0: Ball
2-0: Ball
3-0: Base on Balls
Batting: RHB C.J. Beavers 0-0: Ball
1-0: SINGLE (Groundball, 4S, EV 68.8 MPH) (infield hit)
Phil Zacharia to second
Batting: LHB James McCauley 0-0: Ball
1-0: Ball
2-0: Swinging Strike
2-1: Foul Ball, location: 2F
2-2: Ball
3-2: Foul Ball, location: 2F
3-2: Fly out, F9 (Flyball, 9S, EV 90.6 MPH)
Batting: SHB Terry Tuckfard 0-0: Called Strike
0-1: Foul Ball, location: 2F
0-2: Ball
1-2: Ball
2-2: Foul Ball, location: 2F
2-2: Fly out, F9 (Flyball, 89M, EV 90.0 MPH)
Batting: RHB Hugo Bautista 0-0: Called Strike
0-1: Swinging Strike
0-2: Ball
1-2: Ball
2-2: Strikes out swinging
Top of the 10th over - 0 runs, 1 hit, 0 errors, 2 left on base; San Diego 5 - Cincinnati 5
BOTTOM OF THE 10TH
Cincinnati Reds batting - Pitching for San Diego Padres : RHP Arturo Diaz
Batting: RHB Tony Casas 0-0: Ball
1-0: Ball
2-0: Ball
3-0: Called Strike
3-1: Base on Balls
Batting: LHB Chris Grunwald 0-0: Ball
1-0: Ball
2-0: Ball
3-0: Called Strike
3-1: Called Strike
3-2: Strikes out swinging
Batting: LHB Evan Torraville 0-0: Ball
1-0: Called Strike
Tony Casas steals 2nd base
1-1: Ball
2-1: Swinging Strike
2-2: Foul Ball, location: 2F
2-2: Fly out, F7 (Flyball, 7, EV 93.8 MPH)
Batting: RHB Juan Reyes 0-0: Ball
1-0: Ball
2-0: Called Strike
2-1: Ball
3-1: Base on Balls
Batting: RHB Fred Slade 0-0: Called Strike
0-1: SINGLE (Groundball, 6MD, EV 95.0 MPH)
Tony Casas to third
Juan Reyes to second
Runner from 3rd tries for Home, SAFE, throw by CF to home
Bottom of the 10th over - 1 run, 1 hit, 0 errors, 2 left on base; San Diego 5 - Cincinnati 6
Sunday, July 16th , 2023 - OOTP Baseball 24.6 Build 69